 Dungeon Crawl Stone Soup version 0.29.1-15-g9cfb28693d (webtiles) character file.

Game seed: 15866204613229058175

17 croobank the Sneak (level 2, -2/21 HPs)
             Began as an Octopode Delver on Mar 7, 2023.
             Slain by an orc
             ... wielding a +0 flail
              (10 damage)
             ... on level 5 of the Dungeon.
             The game lasted 00:02:09 (637 turns).

croobank the Sneak (Octopode Delver)                 Turns: 637, Time: 00:02:10

Health: -2/21      AC:  1    Str: 11    XL:     2   Next: 62%
Magic:  2/2        EV: 13    Int: 12    God:
Gold:   20         SH:  0    Dex: 13    Spells: 1/1 levels left

rFire   . . .      SeeInvis .   a - +0 hand axe
rCold   . . .      Faith    .   (no shield)
rNeg    . . .      Spirit   .   (helmet restricted)
rPois   .          Reflect  .   (no amulet)
rElec   .          Harm     .   (no ring)
rCorr   .          Rampage  .   (no ring)
Will    .....                   (no ring)
Stlth   ++++......              (no ring)
HPRegen 0.07/turn               (no ring)
MPRegen 0.08/turn               (no ring)
                                (no ring)
                                (no ring)

@: hasted, very quick
A: almost no armour, amphibious, 8 rings, camouflage 1, gelatinous body 1,
(nimble swimmer 1), tentacles
a: no special abilities


You were on level 5 of the Dungeon.
You visited 1 branch of the dungeon, and saw 3 of its levels.

You collected 20 gold pieces.

Inventory:

Hand Weapons
 a - a +0 hand axe (weapon)
 g - a +0 war axe
 h - a +1 mace of holy wrath
Wands
 f - a wand of digging (3)
Scrolls
 b - a scroll of fog
Potions
 i - a potion of resistance {unknown}


   Skills:
 + Level 3.2 Fighting
 + Level 2.3 Axes
 + Level 2.3 Dodging
 + Level 6.8 Stealth


You had one spell level left.
You didn't know any spells.
Your spell library was empty.

Dungeon Overview and Level Annotations

Branches:
Dungeon (7/15)
 Temple: D:4-7

Altars:
Nemelex Xobeh


Innate Abilities, Weirdness & Mutations

You cannot wear most types of armour.
You are amphibious.
You can wear up to eight rings at the same time.
Your skin changes colour to match your surroundings (Stealth+).
Your rubbery body absorbs attacks. (AC +1, EV +1)
((You are camouflaged when in or above water. (Stealth+)))
You have tentacles for arms and can constrict up to eight enemies at once.


Message History

An iguana comes into view.
Found a chain mail.
Found a stone staircase leading up.
The orc wizard hits you with a +0 dagger.
The orc closely misses you.
The orc wizard mumbles some strange words.
The orc wizard flickers and vanishes!
Deactivating autopickup; reactivate with Ctrl-A.
The orc shouts!
You hit the orc wizard. Your grab misses the orc wizard.
The orc wizard is lightly wounded.
You hear a shout! x2
The orc wizard hits you with a +0 dagger.
The orc closely misses you.
You barely miss the orc wizard. Your grab misses the orc wizard.
Your squeeze misses the orc wizard.
The orc wizard is lightly wounded.
An orc warrior comes into view. It is wielding a +0 long sword.
The orc wizard closely misses you. The orc closely misses you.
You hear some strange, mumbled words.
Something tries to affect you, but you resist.
You feel yourself speed up. The orc wizard completely misses you.
The orc barely misses you.
You hear some strange, mumbled words.
You are confused.
You nearly stumble into some lava!
You hear some strange, mumbled words.
A puff of flame appears from out of thin air!
The puff of flame hits you!
You bump into the rock wall.
You feel less confused.
You closely miss something.
An orc wizard comes into view. It is wielding a +0 dagger.
An orc comes into view. It is wielding a +0 short sword.
The orc warrior barely misses you.
An orc comes into view. It is wielding a +0 flail.
The orc closely misses you.
You barely miss the orc. You grab the orc.
You constrict the orc, but do no damage.
The orc hits you with a +0 flail!
You die...

.......... #..............
.......... #<.....≈≈≈≈≈≈≈≈≈
.......# [#..l.≈..(....≈
.......# ....?.≈.#####.≈
.......# ....o≈.....#§§
.......# ..##o§.#._.#.§
.......# #.##§≈§#.....≈
##...###.# #o##lo§#####.≈
##.#.....# #@##.≈.......≈
......#### #.##.≈≈≈≈§≈≈≈≈
##.##.# #.##..........
#.##.## #..o...#..####
#.....#######.###....†......
#...........#.# #)##########
#.#########.#.# #.# #.#
#.#.# #.# #.# #.#.# #.#


You could see an orc.

Vanquished Creatures
  An adder (D:5)
  4 orcs
5 creatures vanquished.

Notes
Turn   | Place    | Note
-------+----------+-------------------------------------------
     0 | D:5      | croobank the Octopode Delver began the quest for the Orb.
     0 | D:5      | Reached XP level 1. HP: 16/16 MP: 1/1
    46 | D:5      | Noticed an orc priest
    47 | D:5      | Noticed an orc priest
    68 | D:6      | Noticed a two-headed ogre
   132 | D:6      | Noticed an ice beast
   483 | D:5      | Reached XP level 2. HP: 21/21 MP: 2/2
   484 | D:5      | Found a sparkling altar of Nemelex Xobeh.
   615 | D:5      | Noticed an orc warrior
   637 | D:5      | Slain by an orc

Illustrated notes

Levels and vault maps discovered:
D:5:      layout_basic, nicolae_yredelemnul_corpse_copse,
          general_overflow_altar, mainiacjoe_overflow_brackets
D:6:      layout_basic, serial_glass, glass_columns_c, glass_columns_b,
          cheibrodos_sewer_entry_sluice
D:7:      layout_rooms, hangedman_decor_diamond_cutter, due_unseen_surprise

Action                   || total
-------------------------++-------
Melee: Hand axe          ||    12
       Tentacles         ||     2
       Constrict         ||     3
  Use: Scroll            ||     2
       Potion            ||     1
 Stab: Sleeping          ||     3
Dodge: Dodged            ||    11
